Workbook

Sheet PROJECT MNGMNT
A1: PROJECT: | B1: Upgrade of Emasdal, Heidelberg and Rensburg Pump Stations and Repair of Bergendal Pump Station
A2: CONTRACT: | B2: Electrical and Mechanical Services
A4: Item No. | B4: Description | C4: Unit | D4: Qty | E4: Rate | F4: Amount
A6: A1 | B6: Site Establishment/storage Container | C6: Sum | D6: 1 | F6: =E6*D6 -> 0
A8: A2 | B8: Supervision | C8: Month | D8: 5 | F8: =E8*D8 -> 0
A10: A3 | B10: Transport | C10: Sum | D10: 1 | F10: =E10*D10 -> 0
A12: A4 | B12: Plant and Equipment | C12: Sum | D12: 1 | F12: =E12*D12 -> 0
A14: A5 | B14: Attendance of Site meetings | C14: Sum | D14: 1 | F14: =E14*D14 -> 0
A16: A6 | B16: Submission of OHSA file | C16: Sum | D16: 1 | F16: =E16*D16 -> 0
A18: A7 | B18: Compliance to OHS | C18: Month | D18: 5 | F18: =E18*D18 -> 0
A20: A8 | B20: Provisional Sum for CLO | C20: Prov Sum | D20: 1 | E20: =6000*5 -> 30000 | F20: =E20*D20 -> 30000
A22: A9 | B22: Profit of CLO Remuneration | C22: % | D22: =F20 -> 30000 | F22: =E22*D22 -> 0
A24: A10 | B24: Provision of Security for the Duration of the Project | C24: Month | D24: 5 | F24: =E24*D24 -> 0
A26: A11 | B26: Contract Nameboard | C26: No | D26: 1 | F26: =E26*D26 -> 0
A28: A12 | B28: Contractual Obligations | C28: Sum | D28: 1 | F28: =E28*D28 -> 0
A31: A | B31: TOTAL THIS CARRIED FORWARD TO SUMMARY PAGE | F31: =SUM(F6:F28) -> 30000

Sheet Emasdal Pump Station
A1: PROJECT: | B1: Upgrade of Emasdal, Heidelberg and Rensburg Pump Stations and Repair of Bergendal Pump Station
A2: CONTRACT: | B2: Electrical and Mechanical Services
B3: MECHANICAL SECTION
A4: Item No. | B4: Description | C4: Unit | D4: Qty | E4: Rate | F4: Amount
A6: B | B6: EMASDAL PUMP STATION
A8: B1 | B8: Supply and install water Pumps as Specified in the drawings and standard specification and detailed specification
A10: 1 | B10: Supply and install 701 cubic metre/hr Single stage centirfugal pumps with a drive power of 165kW, impeller size 490mm and head of 71.9m. One pump should be standby duty | C10: No. | D10: 2 | F10: =E10*D10 -> 0
A12: 2 | B12: Allow for the installation of the pump and all neccessary fiitings and equipment tp position the water pmps | C12: No. | D12: 2 | F12: =E12*D12 -> 0
A14: 3 | B14: Supply and install baseplates with antivibration mounts to match the new pumps. | C14: No. | D14: 2 | F14: =E14*D14 -> 0
A16: B2 | B16: PIPEWORK AND ACCESSORIES
B18: Supply and Install above ground pipework and fittings to suite the new Pumps
A20: 1 | B20: Supply and Install 400mm Gate Valve | C20: No. | D20: 3 | F20: =E20*D20 -> 0
A22: 2 | B22: Supply and install Digital flow meter | C22: No. | D22: 2 | F22: =E22*D22 -> 0
A24: 3 | B24: Supply and Install 350mm Gate Valve | C24: No. | D24: 3 | F24: =E24*D24 -> 0
A26: 4 | B26: Supply and install 350mm Non Reurn Valve | C26: No. | D26: 2 | F26: =E26*D26 -> 0
A28: 5 | B28: Supply and Install Digital Pressure Guage | C28: No. | D28: 4 | F28: =E28*D28 -> 0
A30: 6 | B30: Supply and Install 200mm to 250mm Reducer | C30: No. | D30: 4 | F30: =E30*D30 -> 0
A32: 7 | B32: Supply and Install 250mm to 350mm Reducer | C32: No. | D32: 4 | F32: =E32*D32 -> 0
A34: 8 | B34: Supply and Install new Plinth of the Water Pumps (1000x3500x300(h)) | C34: No. | D34: 2 | F34: =E34*D34 -> 0
A36: 9 | B36: Supply and Install a level Sensor at the 5000KL Concrete Reservior | C36: No. | D36: 2 | F36: =E36*D36 -> 0
A38: 10 | B38: Link and Connect the Level sensor to the Pump Controller | C38: Item | D38: 1 | F38: =E38*D38 -> 0
A40: 11 | B40: Supply and install overload protection relay for the water pumps | C40: No. | D40: 2 | F40: =E40*D40 -> 0
A42: 12 | B42: Supply and install manual overide switch for pump testing | C42: No. | D42: 2 | F42: =E42*D42 -> 0
... A52: 17 | B52: Supply and install Pressure Release valve | C52: No. | D52: 1 | F52: =E52*D52 -> 0
B55: BALANCE BROUGHT DOWN | F55: =SUM(F5:F54) -> 0
B57: BALANCE BROUGHT FORWARD | F57: =F55 -> 0
A59: 18 | B59: Production of shopfloor drawings for Approval | C59: Item | D59: 1 | F59: =E59*D59 -> 0
A61: B3 | B61: PROJECT ENGINEERING AND QUALITY MANAGEMENT
B63: Testing, commissioning and handover of Pumping system, including pressure testing and inspection and compilation of plans submitted to the Engineer for approval.
A65: 1 | B65: Operation and Maintenance Instruction Manuals | C65: set | D65: 4 | F65: =E65*D65 -> 0
A67: 2 | B67: User Training | C67: Item | D67: 1 | F67: =E67*D67 -> 0
B69: TEST & COMMISSION
A71: 3 | B71: Test and Commission Pumping system | C71: Item | D71: 1 | F71: =E71*D71 -> 0
A76: B | B76: TOTAL CARRIED FORWARD TO SUMMARY PAGE | E76: R | F76: =SUM(F57:F75) -> 0

Sheet Rensburg Pump Station
A1: PROJECT: | B1: Upgrade of Emasdal, Heidelberg and Rensburg Pump Stations and Repair of Bergendal Pump Station
A2: CONTRACT: | B2: Electrical and Mechanical Services
B3: MECHANICAL SECTION
A4: Item No. | B4: Description | C4: Unit | D4: Qty | E4: Rate | F4: Amount
A6: C | B6: RENSBURG PUMP STATION
A8: C1 | B8: Supply and install water Pumps as Specififed in the drawings and standard specification and detailed specification
A10: 1 | B10: Supply and install 174 cubic metre/hr Single stage centirfugal pumps with a drive power of 26,1kW, impeller size 352mm and head of 41.72m. One pump should be standby duty | C10: No. | D10: 2 | F10: =E10*D10 -> 0
A12: 2 | B12: Allow for the installation of the pump and all neccessary fiitings and equipment tp position the water pmps | C12: No. | D12: 2 | F12: =E12*D12 -> 0
A14: 3 | B14: Supply and install baseplates with antivibration mounts to match the new pumps. | C14: No. | D14: 2 | F14: =E14*D14 -> 0
A16: C2 | B16: PIPEWORK AND ACCESSORIES
B18: Supply and Install above ground pipework and fittings to suite the new Pumps
A20: 1 | B20: Supply and Install 200mm Gate Valve | C20: No. | D20: 3 | F20: =E20*D20 -> 0
A22: 2 | B22: Supply and install Digital flow meter | C22: No. | D22: 2 | F22: =E22*D22 -> 0
A24: 3 | B24: Supply and Install 150mm Gate Valve | C24: No. | D24: 3 | F24: =E24*D24 -> 0
A26: 4 | B26: Supply and install 150mm Non Reurn Valve | C26: No. | D26: 2 | F26: =E26*D26 -> 0
A28: 5 | B28: Supply and Install Digital Pressure Guage | C28: No. | D28: 4 | F28: =E28*D28 -> 0
A30: 6 | B30: Supply and Install 100mm to 150mm Reducer | C30: No. | D30: 4 | F30: =E30*D30 -> 0
A32: 7 | B32: Supply and Install 150mm to 200mm Reducer | C32: No. | D32: 4 | F32: =E32*D32 -> 0
A34: 8 | B34: Supply and Install new Plinth of the Water Pumps (800x2500x300(h)) | C34: No. | D34: 2 | F34: =E34*D34 -> 0
A36: 9 | B36: Supply and install new Motor Control Panel IP65 including relays, contactors, overloead relay set, Auto/manual switch, run fault indicator lights, control relays/timers, surge protection device and cables and termination and glands | C36: Item | D36: 1 | F36: =E36*D36 -> 0
A38: 10 | B38: Supply and Install a level Sensor at the 318KL Concrete Reservior | C38: No. | D38: 1 | F38: =E38*D38 -> 0
A40: 11 | B40: Supply and Install a level Sensor at the 1350KL Concrete Reservior | C40: No. | D40: 1 | F40: =E40*D40 -> 0
A42: 12 | B42: Link and Connect the Level sensor to the Pump Controller | C42: Item | D42: 1 | F42: =E42*D42 -> 0
... A48: 15 | B48: Supply and Install Pressure switch | C48: No. | D48: 2 | F48: =E48*D48 -> 0
B54: BALANCE BROUGHT DOWN | F54: =SUM(F5:F53) -> 0
B56: BALANCE BROUGHT FORWARD | F56: =F54 -> 0
A58: 16 | B58: Supply and install battery backup for Telemetry System 24V | C58: No. | D58: 1 | F58: =E58*D58 -> 0
A60: 17 | B60: Supply and install 200mm strainer | C60: No. | D60: 1 | F60: =E60*D60 -> 0
A62: 18 | B62: Supply and install Air Release valve | C62: No. | D62: 1 | F62: =E62*D62 -> 0
A64: 19 | B64: Supply and install Pressure Release valve | C64: No. | D64: 1 | F64: =E64*D64 -> 0
A66: 20 | B66: Production of shopfloor drawings for Approval | C66: Item | D66: 1 | F66: =E66*D66 -> 0
A68: C3 | B68: PROJECT ENGINEERING AND QUALITY MANAGEMENT
B70: Testing, commissioning and handover of Pumping system, including pressure testing and inspection and compilation of plans submitted to the Engineer for approval.
A72: 1 | B72: Operation and Maintenance Instruction Manuals | C72: set | D72: 4 | F72: =E72*D72 -> 0
A74: 2 | B74: User Training | C74: Item | D74: 1 | F74: =E74*D74 -> 0
B76: TEST & COMMISSION
A78: 3 | B78: Test and Commission Pumping system | C78: Item | D78: 1 | F78: =E78*D78 -> 0
A83: C | B83: TOTAL CARRIED FORWARD TO SUMMARY PAGE | E83: R | F83: =SUM(F56:F82) -> 0

Sheet Heidelberg Pump Station
A1: PROJECT: | B1: Upgrade of Emasdal, Heidelberg and Rensburg Pump Stations and Repair of Bergendal Pump Station
A2: CONTRACT: | B2: Electrical and Mechanical Services
B3: MECHANICAL SECTION
A4: Item No. | B4: Description | C4: Unit | D4: Qty | E4: Rate | F4: Amount
A6: D | B6: HEIDELBERG PUMP STATION
A8: D1 | B8: Supply and install water Pumps as Specififed in the drawings and standard specification and detailed specification
A10: 1 | B10: Supply and install 145,26 cubic metre/hr Single stage centirfugal pumps with a drive power of 106kW, impeller size 329mm and head of 161m. One pump should be standby duty | C10: No. | D10: 2 | F10: =E10*D10 -> 0
A12: 2 | B12: Allow for the installation of the pump and all neccessary fiitings and equipment tp position the water pmps | C12: No. | D12: 2 | F12: =E12*D12 -> 0
A14: 3 | B14: Supply and install baseplates with antivibration mounts to match the new pumps. | C14: No. | D14: 2 | F14: =E14*D14 -> 0
A16: D2 | B16: PIPEWORK AND ACCESSORIES
B18: Supply and Install above ground pipework and fittings to suite the new Pumps
A20: 1 | B20: Supply and Install 300mm Gate Valve | C20: No. | D20: 3 | F20: =E20*D20 -> 0
A22: 2 | B22: Supply and install Digital flow meter | C22: No. | D22: 2 | F22: =E22*D22 -> 0
A24: 3 | B24: Supply and Install 250mm Gate Valve | C24: No. | D24: 3 | F24: =E24*D24 -> 0
A26: 4 | B26: Supply and install 250mm Non Reurn Valve | C26: No. | D26: 2 | F26: =E26*D26 -> 0
A28: 5 | B28: Supply and Install Digital Pressure Guage | C28: No. | D28: 4 | F28: =E28*D28 -> 0
A30: 6 | B30: Supply and Install 200mm to 250mm Reducer | C30: No. | D30: 4 | F30: =E30*D30 -> 0
A32: 7 | B32: Supply and Install 250mm to 300mm Reducer | C32: No. | D32: 4 | F32: =E32*D32 -> 0
A34: 8 | B34: Supply and Install new Plinth of the Water Pumps (1000x3500x300(h)) | C34: No. | D34: 2 | F34: =E34*D34 -> 0
A36: 9 | B36: Supply and install new Motor Control Panel IP65 including relays, contactors, overloead relay set, Auto/manual switch, run fault indicator lights, control relays/timers, surge protection device and cables and termination and glands | C36: Item | D36: 1 | F36: =E36*D36 -> 0
A38: 10 | B38: Supply and Install a level Sensor at the 5000KL Concrete Reservior | C38: No. | D38: 2 | F38: =E38*D38 -> 0
A40: 11 | B40: Link and Connect the Level sensor to the Pump Controller | C40: Item | D40: 1 | F40: =E40*D40 -> 0
A42: 12 | B42: Supply and install overload protection relay for the water pumps | C42: No. | D42: 2 | F42: =E42*D42 -> 0
... A46: 14 | B46: Supply and Install Pressure switch | C46: No. | D46: 2 | F46: =E46*D46 -> 0
B52: BALANCE BROUGHT DOWN | F52: =SUM(F5:F51) -> 0
B54: BALANCE BROUGHT FORWARD | F54: =F52 -> 0
A57: 15 | B57: Supply and install battery backup for Telemetry System 24V | C57: No. | D57: 1 | F57: =E57*D57 -> 0
A59: 16 | B59: Supply and install 300mm strainer | C59: No. | D59: 1 | F59: =E59*D59 -> 0
A61: 17 | B61: Supply and install Air Release valve | C61: No. | D61: 1 | F61: =E61*D61 -> 0
A63: 18 | B63: Supply and install Pressure Release valve | C63: No. | D63: 1 | F63: =E63*D63 -> 0
A65: 19 | B65: Production of shopfloor drawings for Approval | C65: Item | D65: 1 | F65: =E65*D65 -> 0
A67: D3 | B67: PROJECT ENGINEERING AND QUALITY MANAGEMENT
B69: Testing, commissioning and handover of Pumping system, including pressure testing and inspection and compilation of plans submitted to the Engineer for approval.
A71: 1 | B71: Operation and Maintenance Instruction Manuals | C71: set | D71: 4 | F71: =E71*D71 -> 0
A73: 2 | B73: User Training | C73: Item | D73: 1 | F73: =E73*D73 -> 0
B75: TEST & COMMISSION
A77: 3 | B77: Test and Commission Pumping system | C77: Item | D77: 1 | F77: =E77*D77 -> 0
A82: D | B82: TOTAL CARRIED FORWARD TO SUMMARY PAGE | E82: R | F82: =SUM(F54:F81) -> 0

Sheet Bergendal Pump Station
A1: PROJECT: | B1: Upgrade of Emasdal, Heidelberg and Rensburg Pump Stations and Repair of Bergendal Pump Station
A2: CONTRACT: | B2: Electrical and Mechanical Services
B3: MECHANICAL SECTION
A4: Item No. | B4: Description | C4: Unit | D4: Qty | E4: Rate | F4: Amount
A6: E | B6: BERGENDAL PUMP STATION
A8: E1 | B8: Service existing water Pumps as Specififed in the drawings and standard specification and detailed specification
A10: 1 | B10: Service Inline high pressure pump 106,4 cubic metre/hr with a drive power of 15kW | C10: No. | D10: 2 | F10: =E10*D10 -> 0
A12: 2 | B12: Reconncet existing 4 x 500L Pressure tanks to booster pumping system | C12: Item | D12: 1 | F12: =E12*D12 -> 0
A14: 3 | B14: Pressure test exising pressure tanks | C14: No. | D14: 4 | F14: =E14*D14 -> 0
A16: 4 | B16: Supply and install 2.2kw submersible pump | C16: No. | D16: 1 | F16: =E16*D16 -> 0
A19: 5 | B19: Supply and install Telemetry system for remote monitoring of flow rate, pressure indicators, tank levels | C19: Item | D19: 1 | F19: =E19*D19 -> 0
A21: 5.1 | B21: Supply and install Telemetry Remote Terminal Unit | C21: No. | D21: 1 | F21: =E21*D21 -> 0
A23: 5.2 | B23: Supply and install Digital Analogue Input Modules | C23: No. | D23: 1 | F23: =E23*D23 -> 0
A25: 5.3 | B25: Supply and Install Antenna with signal booster | C25: No. | D25: 1 | F25: =E25*D25 -> 0
A27: 5.4 | B27: Supply and install battery backup for Telemetry System 24V | C27: No. | D27: 1 | F27: =E27*D27 -> 0
A29: 6 | B29: Provide Pump spare parts | C29: No. | D29: 1 | F29: =E29*D29 -> 0
A31: 6.1 | B31: Mechanical Seals | C31: No. | D31: 5 | F31: =E31*D31 -> 0
A33: 6.2 | B33: Impeller | C33: No. | D33: 2 | F33: =E33*D33 -> 0
... A51: 7.1 | B51: Terminal Box cover | C51: No. | D51: 3 | F51: =E51*D51 -> 0
B54: BALANCE BROUGHT DOWN | F54: =SUM(F5:F53) -> 0
B56: BALANCE BROUGHT FORWARD | F56: =F54 -> 0
A58: 7.2 | B58: Baseplate mounts | C58: Item | D58: 2 | F58: =E58*D58 -> 0
A60: 7.3 | B60: Intergrated internal check valve | C60: Item | D60: 2 | F60: =E60*D60 -> 0
A62: 7.4 | B62: Cooling jacket/shroud | C62: Item | D62: 2 | F62: =E62*D62 -> 0
A64: 7.5 | B64: Seal cover plates | C64: Item | D64: 10 | F64: =E64*D64 -> 0
A66: 7.6 | B66: Bolts, washers and studs | C66: Item | D66: 1 | F66: =E66*D66 -> 0
A68: E2 | B68: PROJECT ENGINEERING AND QUALITY MANAGEMENT
B70: Testing, commissioning and handover of Pumping system, including pressure testing and inspection and compilation of plans submitted to the Engineer for approval.
A72: 1 | B72: Operation and Maintenance Instruction Manuals | C72: set | D72: 4 | F72: =E72*D72 -> 0
A74: 2 | B74: User Training | C74: Item | D74: 1 | F74: =E74*D74 -> 0
B76: TEST & COMMISSION
A78: 3 | B78: Test and Commission Pumping system | C78: Item | D78: 1 | F78: =E78*D78 -> 0
A83: E | B83: TOTAL CARRIED FORWARD TO SUMMARY PAGE | E83: R | F83: =SUM(F56:F82) -> 0

Sheet Emasdal Electrical 
A1: PROJECT: | B1: Upgrade of Emasdal, Heidelberg and Rensburg Pump Stations and Repair of Bergendal Pump Station
A2: CONTRACT: | B2: Electrical and Mechanical Services
B3: ELECTRICAL SECTION
A4: Item No. | B4: Description | C4: Unit | D4: Qty | E4: Rate | F4: Amount
B5: EMASDAL PUMP STATION ELECTRICAL
B6: BILL No. 01
B7: LOW VOLTAGE CABLES
B9: As specified in Standard Specification Sections and in the Detailed Spec
B11: Supply and Install 600/1000V grade PVC/SWA insulated stranded copper conductors drawn into conduit, laid in ground or cable tray, all as per the cable schedule below.
B13: 50 mm2, 3-core
A14: 1 | B14: Supply | C14: m | D14: 80 | F14: =E14*D14 -> 0
A15: 2 | B15: Install | C15: m | D15: 80 | F15: =E15*D15 -> 0
B17: 10 mm2, 3-core
A18: 3 | B18: Supply | C18: m | D18: 0 | F18: =+D18*E18 -> 0
A19: 4 | B19: Install | C19: m | D19: 0 | F19: =+D19*E19 -> 0
D20: 0
B21: Termination of LV cables:
B23: 50 mm2, 3-core
A24: 5 | B24: Supply | C24: No | D24: 4 | F24: =+D24*E24 -> 0
A25: 6 | B25: Install | C25: No | D25: 4 | F25: =+D25*E25 -> 0
B27: 10 mm2, 3-core
A28: 7 | B28: Supply | C28: No | D28: 0 | F28: =+D28*E28 -> 0
A29: 8 | B29: Install | C29: No | D29: 0 | F29: =+D29*E29 -> 0
B31: Supply earth continuity conductor
B33: 25mm2, BCEW
A34: 9 | B34: Supply | C34: m | D34: 80 | F34: =+D34*E34 -> 0
A35: 10 | B35: Install | C35: m | D35: 80 | F35: =+D35*E35 -> 0
B38: 6 mm2,BCEW
A39: 11 | B39: Supply | C39: m | D39: 0 | F39: =+D39*E39 -> 0
A40: 12 | B40: Install | C40: m | D40: 0 | F40: =+D40*E40 -> 0
B42: Terminate earth continuity conductor
B44: 25mm2, BCEW
A45: 13 | B45: Supply | C45: No | D45: 4 | F45: =+D45*E45 -> 0
A46: 14 | B46: Install | C46: No | D46: 4 | F46: =+D46*E46 -> 0
B48: 6 mm2,BCEW
A49: 15 | B49: Supply | C49: No | D49: 0 | F49: =+D49*E49 -> 0
A50: 16 | B50: Install | C50: No | D50: 0 | F50: =+D50*E50 -> 0
B52: Earthing
A54: 17 | B54: Earthing as require at Main Control Centre to achieve maximum 1 Ohm resistance including testing. | C54: Item | D54: 1 | F54: =E54*D54 -> 0
A56: 18 | B56: Earthing and bonding of the complete electrical installation in accordance with the specification. | C56: Item | D56: 1 | F56: =E56*D56 -> 0
B59: Total Brought Forward | F59: =SUM(F5:F58) -> 0
A60: Item No. | B60: Description | C60: Unit | D60: Qty | E60: Rate | F60: Amount
B63: Total Brought Down | F63: =F59 -> 0
A65: 19 | B65: Cable ladder/basket
A67: 19.1 | B67: 50mm wide wire mesh | C67: m | D67: 0 | F67: =+D67*E67 -> 0
A69: 19.2 | B69: 150mm wide ladder | C69: m | D69: 0 | F69: =+D69*E69 -> 0
A71: 19.3 | B71: 200mm wide ladder | C71: m | D71: 20 | F71: =E71*D71 -> 0
F120: =SUM(F63:F119) -> 0
A121: Item No. | B121: Description | C121: Unit | D121: Qty | E121: Rate | F121: Amount
B123: BILL No. 2 Telemetry
B125: Master Telemetry Unit at Pump Station
A127: 19 | B127: Supply and install Modbus TCP Gateway I/O Radio -up to 8DIO, 4AIN,2 AOUT, RS232, RS485, 400-480MHz, 10mW to 10W | C127: No | D127: 1 | F127: =E127*D127 -> 0
A128: 20 | B128: Supply and install 1m RG58 coaxial cable SMA Male-N-type Male | C128: No | D128: 1 | F128: =E128*D128 -> 0
A129: 21 | B129: Supply and install Coaxial inline RF surge arrestor N-Type M to N-Type M | C129: No | D129: 1 | F129: =E129*D129 -> 0
A130: 22 | B130: Supply and install10m RG213 coaxial cable N-type Male to N-Type Male | C130: No | D130: 1 | F130: =E130*D130 -> 0
A131: 23 | B131: Supply and install2dBi Dipole Antenna N-Type Female, 440MHz | C131: No | D131: 1 | F131: =E131*D131 -> 0
A132: 24 | B132: Supply and install6m Wall-mounted mast, incl. 2 x earthspike, Pole & 450mm offset Brackets | C132: No | D132: 1 | F132: =E132*D132 -> 0
A133: 25 | B133: Din Rail Mount 24VDC PSU 2.5A | C133: No | D133: 1 | F133: =E133*D133 -> 0
A134: 26 | B134: 18.0AH, 12V Lead acid battery | C134: No | D134: 1 | F134: =E134*D134 -> 0
A135: 27 | B135: IP65 Enclosure 400x500x210 terminals, wiring, assembly | C135: No | D135: 1 | F135: =E135*D135 -> 0
B137: Remote Telemetry Units at Elevatated tank
A139: 28 | B139: Battery Powered I/O Radio c/w Bat&IP68 enclosure 4DIO,2AIN,RS485 Modbus Master,400-480MHz, 10mW-10W | C139: No | D139: 1 | F139: =E139*D139 -> 0
A140: 29 | B140: Small Solar Bracket for 10 Watt Panel Bracket small | C140: No | D140: 1 | F140: =E140*D140 -> 0
A141: 30 | B141: Solar panel 10W 14.5 VDC panel only | C141: No | D141: 1 | F141: =E141*D141 -> 0
A142: 31 | B142: 1m RG58 coaxial cable N-Type(M) RG58 - N-Type(M) 1m Cable | C142: No | D142: 1 | F142: =E142*D142 -> 0
A143: 32 | B143: Coaxial inline RF surge arrestor N-Type M to N-Type M | C143: No | D143: 1 | F143: =E143*D143 -> 0
A144: 33 | B144: 6m RG213 coaxial cable N-type Male to N-Type Male | C144: No | D144: 1 | F144: =E144*D144 -> 0
A145: 34 | B145: 2dBi Dipole Antenna N-Type Female, 440MHz | C145: No | D145: 1 | F145: =E145*D145 -> 0
A146: 35 | B146: 3m Wall-mounted mast, incl 2 x earthspike, Pole & 450mm offset brackets | C146: No | D146: 1 | F146: =E146*D146 -> 0
A147: 36 | B147: 0-10m Hydrostatic Level Probe, 12m vented cable | C147: No | D147: 1 | F147: =E147*D147 -> 0
A148: 37 | B148: IP65 Enclosure 400x500x210 Mild Steel | C148: No | D148: 1 | F148: =E148*D148 -> 0
A149: 38 | B149: Testing & Commissioning | C149: Sum | D149: 1 | F149: =E149*D149 -> 0
B173: Carried forward to summary page | F173: =SUM(F123:F172) -> 0
A174: Item No. | B174: Description | C174: Unit | D174: Qty | E174: Rate | F174: Amount
B175: BILL No. 3 MCC
A177: 39 | B177: Supply and install MCC PANEL, plinth mounted, form 2a, mild steel powder coated, IP54, natural ventilated, SANS 60439 compliant, botton cable entry. | D177: 1 | F177: =E177*D177 -> 0
A179: 40 | B179: Supply and install Overload Relay 20...25 A For Motor Protection Sz S0, Class 10, F. Mounting Onto Contactor Main Circuit: Screw Terminal Aux. Circuit: Screw Terminal Manual-Automatic-Reset | D179: 2 | F179: =E179*D179 -> 0
A180: 41
A181: 42 | B181: Supply and install Circuit-Breaker Vl 630l Very High Breaking Capacity Icu=100ka / 415 V Ac 3 Pole, Starter Combination Protection Overcurrent Release Magnetic In=300A, , Short Circuit Without Auxiliary Release Without Auxiliary/Alarm Switch | D181: 3 | F181: =E181*D181 -> 0
A183: 43 | B183: Supply and install ABB Soft Starter, Values With 400 V, 40 Deg., Standard: 296A, 165kW, Inside-Delta Circuit 3: 296A, 165kW, 200-460 V Ac, 230 V Ac, Screw Terminals | D183: 2 | F183: =E183*D183 -> 0
A185: 44 | B185: Supply and install ammeter | D185: 2 | F185: =E185*D185 -> 0
A187: 45 | B187: Supply and install Current Transformer | D187: 2 | F187: =E187*D187 -> 0
A189: 46 | B189: Supply and install Indicator Lights | D189: 8 | F189: =E189*D189 -> 0
A191: 47 | B191: Supply and install Relay 220V | D191: 8 | F191: =E191*D191 -> 0
A193: 48 | B193: Terminals | D193: 40 | F193: =E193*D193 -> 0
A195: 49 | B195: Accessory For Vl160x, Vl160, Vl250, Vl400, Auxiliary/Alarm Switch Kit 2hs(1no+1nc)+1as(1no) N, Left(1), Right | D195: 2 | F195: =E195*D195 -> 0
A197: 50 | B197: Supply and install digital power analyzers | D197: 1 | F197: =E197*D197 -> 0
A199: 51 | B199: Supply and install current transformers | D199: 3 | F199: =E199*D199 -> 0
A201: 52 | B201: Supply and install 125A fuses | D201: 3 | F201: =E201*D201 -> 0
A203: 53 | B203: Supply and install surge arrester holders | D203: 1 | F203: =E203*D203 -> 0
... A217: 60 | B217: Consumables | D217: 1 | F217: =E217*D217 -> 0
B223: Carried forward to summary page | F223: =SUM(F176:F222) -> 0
B225: Bill Summary
B227: Bill 1: LV cables | F227: =F120 -> 0
B229: Bill 2 Telemetry | F229: =F173 -> 0
B231: Bill 3 MCC | F231: =F223 -> 0
B233: Summary | F233: =SUM(F227:F231) -> 0
B234: NOTE: ALL RATES AND PRICES EXCLUDE 15% VAT and P & G's
B235: VAT AND P`s & G`s WILL BE ADDED IN THE FINAL SUMMARY PAGE OF THE MAIN FORM OF TENDER
B237: Contractor's Name
...

Sheet Rensburg Electrical
A1: PROJECT: | B1: Upgrade of Emasdal, Heidelberg and Rensburg Pump Stations and Repair of Bergendal Pump Station
A2: CONTRACT: | B2: Electrical and Mechanical Services
B3: ELECTRICAL SECTION
A4: Item No. | B4: Description | C4: Unit | D4: Qty | E4: Rate | F4: Amount
B5: Rensburg PUMP STATION ELECTRICAL
B6: BILL No. 01
B7: LOW VOLTAGE CABLES
B9: As specified in Standard Specification Sections and in the Detailed Spec
B11: Supply and Install 600/1000V grade PVC/SWA insulated stranded copper conductors drawn into conduit, laid in ground or cable tray, all as per the cable schedule below.
B13: 95 mm2, 3-core
A14: 1 | B14: Supply | C14: m | D14: 0 | F14: =+D14*E14 -> 0
A15: 2 | B15: Install | C15: m | D15: 0 | F15: =+D15*E15 -> 0
B17: 10 mm2, 3-core
A18: 3 | B18: Supply | C18: m | D18: 30 | F18: =+D18*E18 -> 0
A19: 4 | B19: Install | C19: m | D19: 30 | F19: =+D19*E19 -> 0
D20: 0
B21: Termination of LV cables:
B23: 95 mm2, 3-core
A24: 5 | B24: Supply | C24: No | D24: 0 | F24: =+D24*E24 -> 0
A25: 6 | B25: Install | C25: No | D25: 0 | F25: =+D25*E25 -> 0
B27: 10 mm2, 3-core
A28: 7 | B28: Supply | C28: No | D28: 2 | F28: =+D28*E28 -> 0
A29: 8 | B29: Install | C29: No | D29: 2 | F29: =+D29*E29 -> 0
B31: Supply earth continuity conductor
B33: 50mm2, BCEW
A34: 9 | B34: Supply | C34: m | D34: 0 | F34: =+D34*E34 -> 0
A35: 10 | B35: Install | C35: m | D35: 0 | F35: =+D35*E35 -> 0
B38: 6 mm2,BCEW
A39: 11 | B39: Supply | C39: m | D39: 15 | F39: =+D39*E39 -> 0
A40: 12 | B40: Install | C40: m | D40: 15 | F40: =+D40*E40 -> 0
B42: Terminate earth continuity conductor
B44: 50mm2, BCEW
A45: 13 | B45: Supply | C45: No | D45: 0 | F45: =+D45*E45 -> 0
A46: 14 | B46: Install | C46: No | D46: 0 | F46: =+D46*E46 -> 0
B48: 6 mm2,BCEW
A49: 15 | B49: Supply | C49: No | D49: 2 | F49: =+D49*E49 -> 0
A50: 16 | B50: Install | C50: No | D50: 2 | F50: =+D50*E50 -> 0
B52: Earthing
A54: 17 | B54: Earthing as require at Main Control Centre to achieve maximum 1 Ohm resistance including testing. | C54: Item | D54: 1 | F54: =+D54*E54 -> 0
A56: 18 | B56: Earthing and bonding of the complete electrical installation in accordance with the specification. | C56: Item | D56: 1 | F56: =+D56*E56 -> 0
B59: Total Brought Forward | F59: =SUM(F5:F58) -> 0
A60: Item No. | B60: Description | C60: Unit | D60: Qty | E60: Rate | F60: Amount
B63: Total Brought Down | F63: =F59 -> 0
A65: 19 | B65: Cable ladder/basket
A67: 19.1 | B67: 50mm wide wire mesh | C67: m | D67: 20 | F67: =+D67*E67 -> 0
A69: 19.2 | B69: 150mm wide ladder | C69: m | D69: 0 | F69: =+D69*E69 -> 0
A71: 19.3 | B71: 300mm wide ladder | C71: m | D71: 0 | F71: =+D71*E71 -> 0
F121: =SUM(F63:F120) -> 0
A122: Item No. | B122: Description | C122: Unit | D122: Qty | E122: Rate | F122: Amount
B124: BILL No. 2 Telemetry
B126: Master Telemetry Unit at Pump Station
A128: 19 | B128: Supply and install Modbus TCP Gateway I/O Radio -up to 8DIO, 4AIN,2 AOUT, RS232, RS485, 400-480MHz, 10mW to 10W | C128: No | D128: 1 | F128: =E128*D128 -> 0
A129: 20 | B129: Supply and install 1m RG58 coaxial cable SMA Male-N-type Male | C129: No | D129: 1 | F129: =E129*D129 -> 0
A130: 21 | B130: Supply and install Coaxial inline RF surge arrestor N-Type M to N-Type M | C130: No | D130: 1 | F130: =E130*D130 -> 0
A131: 22 | B131: Supply and install10m RG213 coaxial cable N-type Male to N-Type Male | C131: No | D131: 1 | F131: =E131*D131 -> 0
A132: 23 | B132: Supply and install2dBi Dipole Antenna N-Type Female, 440MHz | C132: No | D132: 1 | F132: =E132*D132 -> 0
A133: 24 | B133: Supply and install6m Wall-mounted mast, incl. 2 x earthspike, Pole & 450mm offset Brackets | C133: No | D133: 1 | F133: =E133*D133 -> 0
A134: 25 | B134: Din Rail Mount 24VDC PSU 2.5A | C134: No | D134: 1 | F134: =E134*D134 -> 0
A135: 26 | B135: 18.0AH, 12V Lead acid battery | C135: No | D135: 1 | F135: =E135*D135 -> 0
A136: 27 | B136: IP65 Enclosure 400x500x210 terminals, wiring, assembly | C136: No | D136: 1 | F136: =E136*D136 -> 0
B138: Remote Telemetry Units at Elevatated tank
A140: 28 | B140: Battery Powered I/O Radio c/w Bat&IP68 enclosure 4DIO,2AIN,RS485 Modbus Master,400-480MHz, 10mW-10W | C140: No | D140: 1 | F140: =E140*D140 -> 0
A141: 29 | B141: Small Solar Bracket for 10 Watt Panel Bracket small | C141: No | D141: 1 | F141: =E141*D141 -> 0
A142: 30 | B142: Solar panel 10W 14.5 VDC panel only | C142: No | D142: 1 | F142: =E142*D142 -> 0
A143: 31 | B143: 1m RG58 coaxial cable N-Type(M) RG58 - N-Type(M) 1m Cable | C143: No | D143: 1 | F143: =E143*D143 -> 0
A144: 32 | B144: Coaxial inline RF surge arrestor N-Type M to N-Type M | C144: No | D144: 1 | F144: =E144*D144 -> 0
A145: 33 | B145: 6m RG213 coaxial cable N-type Male to N-Type Male | C145: No | D145: 1 | F145: =E145*D145 -> 0
A146: 34 | B146: 2dBi Dipole Antenna N-Type Female, 440MHz | C146: No | D146: 1 | F146: =E146*D146 -> 0
A147: 35 | B147: 3m Wall-mounted mast, incl 2 x earthspike, Pole & 450mm offset brackets | C147: No | D147: 1 | F147: =E147*D147 -> 0
A148: 36 | B148: 0-10m Hydrostatic Level Probe, 12m vented cable | C148: No | D148: 1 | F148: =E148*D148 -> 0
A149: 37 | B149: IP65 Enclosure 400x500x210 Mild Steel | C149: No | D149: 1 | F149: =E149*D149 -> 0
A150: 38 | B150: Testing & Commissioning | C150: Sum | D150: 1 | F150: =E150*D150 -> 0
B174: Carried forward to summary page | F174: =SUM(F124:F173) -> 0
A175: Item No. | B175: Description | C175: Unit | D175: Qty | E175: Rate | F175: Amount
B176: BILL No. 3 MCC
A178: 39 | B178: Supply and install MCC PANEL, plinth mounted, form 2a, mild steel powder coated, IP54, natural ventilated, SANS 60439 compliant, botton cable entry. | D178: 1 | F178: =E178*D178 -> 0
A180: 40 | B180: Supply and install Overload Relay 20...25 A For Motor Protection Sz S0, Class 10, F. Mounting Onto Contactor Main Circuit: Screw Terminal Aux. Circuit: Screw Terminal Manual-Automatic-Reset | D180: 2 | F180: =E180*D180 -> 0
A181: 41
A182: 42 | B182: Supply and install Circuit-Breaker Vl 630l Very High Breaking Capacity Icu=100ka / 415 V Ac 3 Pole, Starter Combination Protection Overcurrent Release Magnetic In=50A, Short Circuit Without Auxiliary Release Without Auxiliary/Alarm Switch | D182: 3 | F182: =E182*D182 -> 0
A184: 43 | B184: Supply and install ABB Soft Starter, Values With 400 V, 40 Deg., Standard: 26,1kW, Inside-Delta Circuit 3: 46,6A, 26,1kW, 200-460 V Ac, 230 V Ac, Screw Terminals | D184: 2 | F184: =E184*D184 -> 0
A186: 44 | B186: Supply and install ammeter | D186: 2 | F186: =E186*D186 -> 0
A188: 45 | B188: Supply and install Current Transformer | D188: 2 | F188: =E188*D188 -> 0
A190: 46 | B190: Supply and install Indicator Lights | D190: 8 | F190: =E190*D190 -> 0
A192: 47 | B192: Supply and install Relay 220V | D192: 8 | F192: =E192*D192 -> 0
A194: 48 | B194: Terminals | D194: 40 | F194: =E194*D194 -> 0
A196: 49 | B196: Accessory For Vl160x, Vl160, Vl250, Vl400, Auxiliary/Alarm Switch Kit 2hs(1no+1nc)+1as(1no) N, Left(1), Right | D196: 2 | F196: =E196*D196 -> 0
A198: 50 | B198: Supply and install digital power analyzers | D198: 1 | F198: =E198*D198 -> 0
A200: 51 | B200: Supply and install current transformers | D200: 3 | F200: =E200*D200 -> 0
A202: 52 | B202: Supply and install 125A fuses | D202: 3 | F202: =E202*D202 -> 0
A204: 53 | B204: Supply and install surge arrester holders | D204: 1 | F204: =E204*D204 -> 0
... A218: 60 | B218: Consumables | D218: 1 | F218: =E218*D218 -> 0
B224: Carried forward to summary page | F224: =SUM(F177:F223) -> 0
B226: Bill Summary
B228: Bill 1: LV cables | F228: =F121 -> 0
B230: Bill 2 Telemetry | F230: =F174 -> 0
B232: Bill 3 MCC | F232: =F224 -> 0
B234: Summary | F234: =SUM(F228:F232) -> 0
B235: NOTE: ALL RATES AND PRICES EXCLUDE 15% VAT and P & G's
B236: VAT AND P`s & G`s WILL BE ADDED IN THE FINAL SUMMARY PAGE OF THE MAIN FORM OF TENDER
B238: Contractor's Name
...

Sheet Heidelberg Electrical
A1: PROJECT: | B1: Upgrade of Emasdal, Heidelberg and Rensburg Pump Stations and Repair of Bergendal Pump Station
A2: CONTRACT: | B2: Electrical and Mechanical Services
B3: ELECTRICAL SECTION
A4: Item No. | B4: Description | C4: Unit | D4: Qty | E4: Rate | F4: Amount
B5: HEIDELBURG PUMP STATION ELECTRICAL
B6: BILL No. 01
B7: LOW VOLTAGE CABLES
B9: As specified in Standard Specification Sections and in the Detailed Spec
B11: Supply and Install 600/1000V grade PVC/SWA insulated stranded copper conductors drawn into conduit, laid in ground or cable tray, all as per the cable schedule below.
B13: 95 mm2, 3-core
A14: 1 | B14: Supply | C14: m | D14: 40 | F14: =+D14*E14 -> 0
A15: 2 | B15: Install | C15: m | D15: 40 | F15: =+D15*E15 -> 0
B17: 10 mm2, 3-core
A18: 3 | B18: Supply | C18: m | D18: 2 | F18: =+D18*E18 -> 0
A19: 4 | B19: Install | C19: m | D19: 2 | F19: =+D19*E19 -> 0
D20: 0
B21: Termination of LV cables:
B23: 95 mm2, 3-core
A24: 5 | B24: Supply | C24: No | D24: 4 | F24: =+D24*E24 -> 0
A25: 6 | B25: Install | C25: No | D25: 4 | F25: =+D25*E25 -> 0
B27: 10 mm2, 3-core
A28: 7 | B28: Supply | C28: No | D28: 0 | F28: =+D28*E28 -> 0
A29: 8 | B29: Install | C29: No | D29: 0 | F29: =+D29*E29 -> 0
B31: Supply earth continuity conductor
B33: 50mm2, BCEW
A34: 9 | B34: Supply | C34: m | D34: 0 | F34: =+D34*E34 -> 0
A35: 10 | B35: Install | C35: m | D35: 0 | F35: =+D35*E35 -> 0
B38: 6 mm2,BCEW
A39: 11 | B39: Supply | C39: m | D39: 40 | F39: =+D39*E39 -> 0
A40: 12 | B40: Install | C40: m | D40: 40 | F40: =+D40*E40 -> 0
B42: Terminate earth continuity conductor
B44: 50mm2, BCEW
A45: 13 | B45: Supply | C45: No | D45: 4 | F45: =+D45*E45 -> 0
A46: 14 | B46: Install | C46: No | D46: 4 | F46: =+D46*E46 -> 0
B48: 6 mm2,BCEW
A49: 15 | B49: Supply | C49: No | D49: 0 | F49: =+D49*E49 -> 0
A50: 16 | B50: Install | C50: No | D50: 0 | F50: =+D50*E50 -> 0
B52: Earthing
A54: 17 | B54: Earthing as require at Main Control Centre to achieve maximum 1 Ohm resistance including testing. | C54: Item | D54: 1 | F54: =+D54*E54 -> 0
A56: 18 | B56: Earthing and bonding of the complete electrical installation in accordance with the specification. | C56: Item | D56: 1 | F56: =+D56*E56 -> 0
B59: Total Brought Forward | F59: =SUM(F5:F58) -> 0
A60: Item No. | B60: Description | C60: Unit | D60: Qty | E60: Rate | F60: Amount
B63: Total Brought Down | F63: =F59 -> 0
A64: 19 | B64: Cable ladder/basket
A66: 19.1 | B66: 50mm wide wire mesh | C66: m | D66: 0 | F66: =+D66*E66 -> 0
A68: 19.2 | B68: 150mm wide ladder | C68: m | D68: 20 | F68: =+D68*E68 -> 0
A70: 19.3 | B70: 300mm wide ladder | C70: m | D70: 0 | F70: =+D70*E70 -> 0
F124: =SUM(F63:F123) -> 0
A125: Item No. | B125: Description | C125: Unit | D125: Qty | E125: Rate | F125: Amount
B127: BILL No. 02 Telemetry
B129: Master Telemetry Unit at Pump Station
A131: 19 | B131: Supply and install Modbus TCP Gateway I/O Radio -up to 8DIO, 4AIN,2 AOUT, RS232, RS485, 400-480MHz, 10mW to 10W | C131: No | D131: 1 | F131: =E131*D131 -> 0
A132: 20 | B132: Supply and install 1m RG58 coaxial cable SMA Male-N-type Male | C132: No | D132: 1 | F132: =E132*D132 -> 0
A133: 21 | B133: Supply and install Coaxial inline RF surge arrestor N-Type M to N-Type M | C133: No | D133: 1 | F133: =E133*D133 -> 0
A134: 22 | B134: Supply and install10m RG213 coaxial cable N-type Male to N-Type Male | C134: No | D134: 1 | F134: =E134*D134 -> 0
A135: 23 | B135: Supply and install2dBi Dipole Antenna N-Type Female, 440MHz | C135: No | D135: 1 | F135: =E135*D135 -> 0
A136: 24 | B136: Supply and install6m Wall-mounted mast, incl. 2 x earthspike, Pole & 450mm offset Brackets | C136: No | D136: 1 | F136: =E136*D136 -> 0
A137: 25 | B137: Din Rail Mount 24VDC PSU 2.5A | C137: No | D137: 1 | F137: =E137*D137 -> 0
A138: 26 | B138: 18.0AH, 12V Lead acid battery | C138: No | D138: 1 | F138: =E138*D138 -> 0
A139: 27 | B139: IP65 Enclosure 400x500x210 terminals, wiring, assembly | C139: No | D139: 1 | F139: =E139*D139 -> 0
B141: Remote Telemetry Units at Elevatated tank
A143: 28 | B143: Battery Powered I/O Radio c/w Bat&IP68 enclosure 4DIO,2AIN,RS485 Modbus Master,400-480MHz, 10mW-10W | C143: No | D143: 1 | F143: =E143*D143 -> 0
A144: 29 | B144: Small Solar Bracket for 10 Watt Panel Bracket small | C144: No | D144: 1 | F144: =E144*D144 -> 0
A145: 30 | B145: Solar panel 10W 14.5 VDC panel only | C145: No | D145: 1 | F145: =E145*D145 -> 0
A146: 31 | B146: 1m RG58 coaxial cable N-Type(M) RG58 - N-Type(M) 1m Cable | C146: No | D146: 1 | F146: =E146*D146 -> 0
A147: 32 | B147: Coaxial inline RF surge arrestor N-Type M to N-Type M | C147: No | D147: 1 | F147: =E147*D147 -> 0
A148: 33 | B148: 6m RG213 coaxial cable N-type Male to N-Type Male | C148: No | D148: 1 | F148: =E148*D148 -> 0
A149: 34 | B149: 2dBi Dipole Antenna N-Type Female, 440MHz | C149: No | D149: 1 | F149: =E149*D149 -> 0
A150: 35 | B150: 3m Wall-mounted mast, incl 2 x earthspike, Pole & 450mm offset brackets | C150: No | D150: 1 | F150: =E150*D150 -> 0
A151: 36 | B151: 0-10m Hydrostatic Level Probe, 12m vented cable | C151: No | D151: 1 | F151: =E151*D151 -> 0
A152: 37 | B152: IP65 Enclosure 400x500x210 Mild Steel | C152: No | D152: 1 | F152: =E152*D152 -> 0
A153: 38 | B153: Testing & Commissioning | C153: Sum | D153: 1 | F153: =E153*D153 -> 0
B177: Carried forward to summary page | F177: =SUM(F127:F176) -> 0
A178: Item No. | B178: Description | C178: Unit | D178: Qty | E178: Rate | F178: Amount
B179: BILL No. 03 MCC
A181: 39 | B181: Supply and install MCC PANEL, plinth mounted, form 2a, mild steel powder coated, IP54, natural ventilated, SANS 60439 compliant, botton cable entry. | D181: 1 | F181: =E181*D181 -> 0
A183: 40 | B183: Supply and install Overload Relay 20...25 A For Motor Protection Sz S0, Class 10, F. Mounting Onto Contactor Main Circuit: Screw Terminal Aux. Circuit: Screw Terminal Manual-Automatic-Reset | D183: 2 | F183: =E183*D183 -> 0
A184: 41
A185: 42 | B185: Supply and install Circuit-Breaker Vl 630l Very High Breaking Capacity Icu=100ka / 415 V Ac 3 Pole, Starter Combination Protection Overcurrent Release Magnetic In=250A, Short Circuit Without Auxiliary Release Without Auxiliary/Alarm Switch | D185: 3 | F185: =E185*D185 -> 0
A187: 43 | B187: Supply and install ABB Soft Starter, Values With 400 V, 40 Deg., Standard: 190A, 106kW, Inside-Delta Circuit 3: 190A, 106kW, 200-460 V Ac, 230 V Ac, Screw Terminals | D187: 2 | F187: =E187*D187 -> 0
A189: 44 | B189: Supply and install ammeter | D189: 2 | F189: =E189*D189 -> 0
A191: 45 | B191: Supply and install Current Transformer | D191: 2 | F191: =E191*D191 -> 0
A193: 46 | B193: Supply and install Indicator Lights | D193: 8 | F193: =E193*D193 -> 0
A195: 47 | B195: Supply and install Relay 220V | D195: 8 | F195: =E195*D195 -> 0
A197: 48 | B197: Terminals | D197: 40 | F197: =E197*D197 -> 0
A199: 49 | B199: Accessory For Vl160x, Vl160, Vl250, Vl400, Auxiliary/Alarm Switch Kit 2hs(1no+1nc)+1as(1no) N, Left(1), Right | D199: 2 | F199: =E199*D199 -> 0
A201: 50 | B201: Supply and install digital power analyzers | D201: 1 | F201: =E201*D201 -> 0
A203: 51 | B203: Supply and install current transformers | D203: 3 | F203: =E203*D203 -> 0
A205: 52 | B205: Supply and install 125A fuses | D205: 3 | F205: =E205*D205 -> 0
A207: 53 | B207: Supply and install surge arrester holders | D207: 1 | F207: =E207*D207 -> 0
... A221: 60 | B221: Consumables | D221: 1 | F221: =E221*D221 -> 0
B227: Carried forward to summary page | F227: =SUM(F180:F226) -> 0
B229: Bill Summary
B231: Bill 1: LV cables | F231: =F124 -> 0
B233: Bill 2 Telemetry | F233: =F177 -> 0
B235: Bill 3 MCC | F235: =F227 -> 0
B237: Summary | F237: =SUM(F231:F235) -> 0
B238: NOTE: ALL RATES AND PRICES EXCLUDE 15% VAT and P & G's
B239: VAT AND P`s & G`s WILL BE ADDED IN THE FINAL SUMMARY PAGE OF THE MAIN FORM OF TENDER
B241: Contractor's Name
...

Sheet Sheet3

Sheet Sheet1

Sheet Sheet2

Sheet Summary
A1: PROJECT: | B1: Upgrade of Emasdal, Heidelburg and Rensburg Pump Stations and Repair of Bergendal Pump Station
A2: CONTRACT: | B2: Electrical and Mechanical Services
A4: Item No. | B4: Description | H4: AMOUNT
B6: FINAL SUMMARY PAGE
B8: PRELIMINARIES AND GENERAL CONDITIONS OF THE CONTRACT
A10: A | B10: TOTAL BROUGHT FORWARD FROM Ps and Gs | H10: ='PROJECT MNGMNT'!F31 -> 30000
B12: ELECTRICAL AND MECHANICAL SERVICES INSTALLATION
A14: B | B14: TOTAL BROUGHT FORWARD FROM MECHANICAL EMASDAL PUMP STATION | H14: ='Emasdal Pump Station'!F76 -> 0
A16: C | B16: TOTAL BROUGHT FORWARD FROM MECHANICAL RENSBURG PUMP STATION | H16: ='Rensburg Pump Station'!F83 -> 0
A18: D | B18: TOTAL BROUGHT FORWARD FROM MECHANICAL HEIDELBURG PUMP STATION | H18: ='Heidelberg Pump Station'!F82 -> 0
A20: E | B20: TOTAL BROUGHT FORWARD FROM MECHANICAL Bergendal PUMP STATION | H20: ='Bergendal Pump Station'!F83 -> 0
B22: SUB TOTAL MECHANICAL | H22: =SUM(H14:H20) -> 0
A24: F | B24: TOTAL BROUGHT FORWARD FROM ELECTRICAL EMASDAL PUMP STATION | H24: ='Emasdal Electrical '!F233 -> 0
A26: G | B26: TOTAL BROUGHT FORWARD FROM ELECTRICAL RENSBURG PUMP STATION | H26: ='Rensburg Electrical'!F234 -> 0
A28: H | B28: TOTAL BROUGHT FORWARD FROM ELECTRICAL HEIDELBURG PUMP STATION | H28: ='Heidelberg Electrical'!F237 -> 0
B30: SUBTOTAL ELECTRICAL | H30: =SUM(H24:H29) -> 0
B33: Subtotal (Electrical and Mechanical) | H33: =H10+H22+H30 -> 30000
B35: Add 15% VAT | H35: =0.15*H33 -> 4500
B39: TOTAL | H39: =H33+H35 -> 34500
F45: =D45*E45 -> 0
